 Dungeon Crawl Stone Soup version 0.29.1-4-g47bece8355 (webtiles) character file.

Game seed: 10078639800395600616

451776 KittyFluff the Hoplite (level 23, -9/209 (213) HPs)
             Began as a Minotaur Berserker on Dec 8, 2022.
             Was the Champion of Trog.
             Mangled by a tengu reaver
             ... wielding a +3 vorpal halberd
              (11 damage)
             ... while petrified by a living spell
             ... on level 2 of the Depths on Dec 10, 2022.
             The game lasted 06:35:21 (57410 turns).

KittyFluff the Hoplite (Minotaur Berserker)        Turns: 57410, Time: 06:35:22

HP:   -9/209 (213)  AC: 22    Str: 37    XL:     23   Next: 20%
MP:   22/22         EV:  2    Int:  4    God:    Trog [******]
Gold: 3941          SH:  0    Dex: 16    Spells: 22/22 levels left

rFire   + . .      SeeInvis +   k - +9 eveningstar (vamp)
rCold   + + .      Faith    .   M - +0 tower shield of Perpetual Drought {Rampage Will- Str+3 Slay+2}
rNeg    + + +      Spirit   .   G - +6 scale mail of Gallantry {Rampage Str+3}
rPois   ∞          Reflect  +   D - -2 hat of the Alchemist {rElec rPois rF+ rC+ rN+ Will+ rMut rCorr}
rElec   +          Harm     .   Q - scarf {rC+ rF+}
rCorr   +          Rampage  +   L - +2 pair of gloves {hurl}
rMut    +                       Y - +2 pair of boots {rampage}
Will    +....                   q - amulet of reflection
Stlth   ++........              f - ring of the Komodo Dragon {AC+4 Str+6 Slay+3}
HPRegen 0.44/turn               e - ring of Qazlal's Wrath {+Blink Fly rF- rN+ SInv}
MPRegen 0.18/turn

@: petrified, corroded, flying, studying Staves, lightly drained
A: horns 2, retaliatory headbutt, clumsy 1
}: 2/15 runes: decaying, gossamer
a: Renounce Religion, Evoke Blink, Berserk, Trog's Hand, Brothers in Arms


You were on level 2 of the Depths.
You worshipped Trog.
Trog was exalted by your worship.
You visited 8 branches of the dungeon, and saw 38 of its levels.
You also visited: Gauntlet, Ice Cave and Desolation.

You collected 6660 gold pieces.
You spent 2719 gold pieces at shops.

Inventory:

Hand Weapons
 c - a +5 antimagic demon whip
 k - a +9 vampiric eveningstar (weapon)
 x - a +1 hand crossbow of freezing
Missiles
 b - 10 javelins
 h - 5 silver javelins
 j - 38 poisoned darts
 w - 20 boomerangs (quivered)
 E - 5 throwing nets
 T - 3 silver boomerangs
Armour
 r - a +4 plate armour of willpower
 D - the -2 hat of the Alchemist (worn) {rElec rPois rF+ rC+ rN+ Will+ rMut rCorr}
   (You found it in a Gauntlet)

   rF:        It protects you from fire.
   rC:        It protects you from cold.
   rElec:     It insulates you from electricity.
   rPois:     It protects you from poison.
   rN:        It protects you from negative energy.
   rCorr:     It protects you from acid and corrosion.
   rMut:      It protects you from mutation.
   Will:      It increases your willpower.
 G - the +6 scale mail of Gallantry (worn) {Rampage Str+3}
   (You found it on level 1 of the Vaults)

   Str:       It affects your strength (+3).
   Rampage:   It bestows one free step when moving towards enemies.
 L - a +2 pair of gloves of hurling (worn)
 M - the +0 tower shield of Perpetual Drought (worn) {Rampage Will- Str+3 Slay+2}
   (You acquired it on level 2 of the Orcish Mines)

   Str:       It affects your strength (+3).
   Slay:      It affects your accuracy & damage with ranged weapons and melee
   (+2).
   Rampage:   It bestows one free step when moving towards enemies.
   Will:      It decreases your willpower.
 P - a +1 kite shield of reflection
 Q - a scarf of resistance (worn)
 Y - a +2 pair of boots of rampaging (worn)
Jewellery
 e - the ring of Qazlal's Wrath (right hand) {+Blink Fly rF- rN+ SInv}
   (You acquired it on level 2 of the Spider Nest)

   [ring of positive energy]

   rF:        It makes you vulnerable to fire.
   rN:        It protects you from negative energy.
   SInv:      It lets you see invisible.
   Fly:       It grants you flight.
   +Blink:    It lets you blink.
 f - the ring of the Komodo Dragon (left hand) {AC+4 Str+6 Slay+3}
   (You bought it in a shop on level 1 of the Depths)

   [ring of protection]

   AC:        It affects your AC (+4).
   Str:       It affects your strength (+6).
   Slay:      It affects your accuracy & damage with ranged weapons and melee
   (+3).
 n - the amulet of Yfiobb {rC+ rN+ Will+ Regen+ Int-3}
   (You found it in a Gauntlet)

   [amulet of regeneration]

   Int:       It affects your intelligence (-3).
   rC:        It protects you from cold.
   rN:        It protects you from negative energy.
   Regen:     It increases your rate of health regeneration.
   Will:      It increases your willpower.
 q - an amulet of reflection (around neck)
 z - the ring of the Unstoppable Hells {rF+ rN+ Will+}
   (You found it on level 2 of the Vaults)

   [ring of protection from fire]

   rF:        It protects you from fire.
   rN:        It protects you from negative energy.
   Will:      It increases your willpower.
 B - a +4 ring of protection
 F - a ring of the Octopus King {rC+ HP+2 AC+2 EV+2 SH+2}
   (You found it on level 6 of the Dungeon)

   [ring of protection from cold]

   AC:        It affects your AC (+2).
   EV:        It affects your evasion (+2).
   rC:        It protects you from cold.
   HP:        It affects your health (+2).
   SH:        It affects your SH (+2).
Wands
 a - a wand of mindburst (17)
 s - a wand of flame (67)
 u - a wand of digging (11)
 K - a wand of light (16)
 N - a wand of paralysis (20)
 O - a wand of iceblast (18)
 Z - a wand of polymorph (28)
Scrolls
 l - 13 scrolls of fear
 m - 14 scrolls of poison
 o - 6 scrolls of blinking
 t - 4 scrolls of summoning
 A - 16 scrolls of teleportation
 I - 5 scrolls of immolation
 R - a scroll of silence
 S - 5 scrolls of fog
 U - 2 scrolls of enchant armour
Potions
 d - 19 potions of curing
 g - 4 potions of might
 i - 5 potions of resistance
 p - 7 potions of attraction
 v - 9 potions of haste
 C - 5 potions of heal wounds
 H - 3 potions of invisibility
 J - 9 potions of flight
 V - 6 potions of mutation
 W - 2 potions of cancellation
 X - a potion of lignification
Miscellaneous
 y - a condenser vane


   Skills:
 + Level 19.5 Fighting
 + Level 20.9 Maces & Flails
 * Level 13.1 Ranged Weapons
 + Level 16.3 Throwing
 * Level 17.3 Armour
 + Level 15.3 Dodging
 + Level 6.2 Stealth
 + Level 23.2 Shields
 * Level 9.3 Evocations


You had 22 spell levels left.
You didn't know any spells.
Your spell library contained the following spells:

 Spells                   Type           Power      Damage    Failure   Level
 Ensorcelled Hibernation  Hex/Ice        0%         N/A       88%         2
 Passwall                 Tmut/Erth      0%         N/A       88%         2
 Swiftness                Air            0%         N/A       98%         3


Dungeon Overview and Level Annotations

Branches:
Dungeon (15/15)            Temple (0/1) D:7            Lair (5/5) D:10
  Swamp (4/4) Lair:2       Spider (4/4) Lair:3        Slime (0/5) Lair:5
    Orc (2/2) D:9             Elf (2/3) Orc:2        Vaults (4/5) D:13
  Crypt (0/3) Vaults:2     Depths (2/4) D:15          IceCv (visited)
Desolation (visited)      Gauntlet (visited)

Altars:
Ashenzari
Gozag
Kikubaaqudgha
Trog
Vehumet
Xom
Jiyva
Lugonu

Shops:
D:6 *(   D:9 ::   Orc:2 **[:   Vaults:4 ?   Depths:1 (::=

Portals:
Hell: Depths:1 Depths:2
Abyss: Lair:5
Pandemonium: Orc:2 Depths:2
Trove: Vaults:4 (give horn of Geryon)

Annotations:
D:13 exclusion: orange crystal statue
Vaults:3 2 transporters, exclusion: 2 orange crystal statues, Kazon's ghost, veteran DsBe; jlumianski's ghost, veteran KoBe
Depths:1 3 runed translucent doors


Innate Abilities, Weirdness & Mutations

You have a pair of horns on your head.
You reflexively headbutt those who attack you in melee.
You are clumsy. (Dex -2)


Message History

The tengu reaver hits you from afar with a +3 vorpal halberd!!
* * * LOW HITPOINT WARNING * * *
The tengu reaver hits you from afar with a +3 vorpal halberd!
* * * LOW HITPOINT WARNING * * *
x2 The tengu reaver hits you but does no damage.
The tengu reaver casts a spell at you. The bolt of fire hits you! You resist.
* * * LOW HITPOINT WARNING * * *
The walking earthen tome erupts in a flurry of living spells!
The tengu reaver hits you from afar with a +3 vorpal halberd!
* * * LOW HITPOINT WARNING * * *
x2 The fire giant gestures at you while chanting.
The bolt of fire hits you! You resist.
* * * LOW HITPOINT WARNING * * *
The living spell casts itself at you.
The tengu reaver hits you from afar with a +3 vorpal halberd!!
* * * LOW HITPOINT WARNING * * *
x2 The walking earthen tome erupts in a flurry of living spells!
The fire giant points at you and mumbles some strange words.
The bolt of fire hits you!! You resist.
* * * LOW HITPOINT WARNING * * *
The living spell casts itself at you.
You barely resist.
You turn to flesh and can move again.
You block the tengu reaver's attack. The living spell casts itself at you.
You are slowing down.
The living spell casts itself at you.
Your limbs have turned to stone.
The living spell casts itself at you.
You barely resist.
You have turned to stone.
You stop ascending the stairs.
The tengu reaver casts a spell at you. The bolt of acid hits you! You resist.
* * * LOW HITPOINT WARNING * * *
The acid corrodes you!
The tengu reaver gestures at you while chanting.
The bolt of cold hits you! You resist.
* * * LOW HITPOINT WARNING * * *
The tengu reaver hits you from afar with a +3 vorpal halberd!!
You die...

≈.##...≈..[....##.?...!.~...##.##
.§.##..≈§[≈...[C);...~⌠~~..##.#..
.§§.###.§.§≈...i÷.*.~~...###.##..
.§....####...Q.##.....####......#
#......#.#''###########.#......##
##....''.§§§§C..;.......''....##
###..#....≈§§8§≈8≈≈≈....#..###
####...§.§.[..........####
###....[Q.@[.....###
################


You could see a walking earthen tome, a fire giant and a tengu reaver.

Vanquished Creatures
  A dread lich (Vaults:2)
  A juggernaut (Depths:1)
  Frederick (Vaults:2)
  Boris (Vaults:3)
  Xtahua (Vaults:4)
  The ghost of mantisjm the Hoplite, a veteran HOFi of Qazlal (Vaults:2)
  Nikola (Vaults:1)
  Arachne (Spider:3)
  Rupert (D:12)
  A tentacled monstrosity (Depths:2)
  A walking earthen tome (Depths:2)
  An Ice Fiend (IceCv)
  The ghost of Yloucecuu the Ninja, a veteran SpEn of Dithmenos (Vaults:2)
  A titan (Vaults:3)
  3 sphinxes
  2 thorn hunters
  Gastronok (Lair:3)
  Kirke (D:12)
  Donald (Spider:3)
  The ghost of Kipt the Spry, an adept SpFE of Dithmenos (Vaults:2)
  A fenstrider witch (Swamp:3)
  3 fire giants
  Roxanne (Spider:2)
  4 frost giants
  An iron dragon (Depths:1)
  Louise (Elf:2)
  11 vault wardens
  11 emperor scorpions
  2 orc warlords
  3 ghost moths
  A broodmother (Spider:3)
  10 stone giants
  6 ironbound thunderhulks
  2 war gargoyles
  15 ironbound preservers
  17 very ugly things
  The ghost of Cheops the Impaler, a journeyman MiFi of Yredelemnul (Lair:4)
  A deep elf demonologist (Elf:1)
  2 vampire knights
  2 eleionomae
  5 bunyips
  3 halazid warlocks (Desolation)
  4 dire elephants
  6 entropy weavers
  Snorg (Lair:3)
  A minotaur (Gauntlet)
  3 crystal guardians (Desolation)
  2 ettins
  3 fire dragons (Depths:2)
  Josephine (Lair:4)
  A shambling mangrove (Swamp:3)
  3 deep elf high priests
  7 yaktaur captains
  3 rakshasas
  Harold (Orc:1)
  8 ragged hierophants (Desolation)
  4 great orbs of eyes
  2 hell beasts (Depths:1)
  9 servants of whispers (Desolation)
  6 peacekeepers
  11 boulder beetles
  9 hydras
  6 ice dragons
  11 vault guards
  A spriggan air mage (Depths:1)
  21 centaur warriors
  3 ogre magi
  A ghost crab (Swamp:1)
  12 two-headed ogres
  The ghost of Joey1 the Severer, a novice MiFi of Okawaru (Lair:1)
  2 demonspawn (Orc:2)
  29 dancing weapons
  2 radroaches
  10 ironbound frosthearts
  A radroach (shapeshifter) (Lair:5)
  A two-headed ogre (shapeshifter) (Lair:5)
  4 alligators
  7 deep troll earth magi
  3 thrashing horrors (Lair:5)
  2 tengu warriors
  4 hell knights (Depths:2)
  5 deep troll shamans
  15 deep elf knights
  5 orc high priests
  3 soul eaters
  3 spriggan berserkers (Depths:2)
  6 iron trolls
  A fire crab (shapeshifter) (Depths:1)
  6 goliath frogs
  A shadow wraith (Vaults:3)
  8 skeletal warriors
  6 pharaoh ants
  64 deep trolls
  A sun moth (Spider:3)
  9 steelbarb worms
  A glowing orange brain (Depths:2)
  9 orb spiders
  A quicksilver dragon simulacrum (Depths:1)
  9 wizards
  3 spriggan druids (Swamp:4)
  22 deep elf zephyrmancers
  2 phantasmal warriors (Depths:1)
  9 harpies (Vaults:1)
  12 spriggan simulacra (IceCv)
  5 bog bodies
  9 ironbound convokers
  An obsidian statue (IceCv)
  13 deep elf archers
  10 orc knights
  9 lindwurms
  22 deep elf pyromancers
  3 necromancers
  9 orc sorcerers
  20 wolf spiders
  A stone giant zombie (Vaults:4)
  28 ugly things
  A will-o-the-wisp (Swamp:1)
  2 tengu skeletons (Vaults:2)
  2 manticores
  11 elephants
  Maurice (D:9)
  A cyclops (D:11)
  An elf zombie (Vaults:4)
  3 black mambas
  3 stone giant skeletons (Vaults:2)
  7 moths of wrath
  13 vault sentinels
  An ice statue (Spider:2)
  A rust devil (Orc:2)
  8 cane toads
  10 torpor snails
  A smoke demon (Lair:5)
  An orange demon (D:10)
  5 demonic crawlers
  An unseen horror (D:11)
  2 elf skeletons (Vaults:2)
  2 anaconda simulacra (IceCv)
  5 freezing wraiths
  10 komodo dragons
  2 yaktaur skeletons (Vaults:2)
  A yaktaur (shapeshifter) (D:15)
  A tengu conjurer (Depths:2)
  20 yaktaurs
  A golden dragon simulacrum (IceCv)
  2 polar bears
  9 ice devils (IceCv)
  8 trolls
  2 ancient zymes (Lair:5)
  A red devil (Orc:2)
  A queen bee (Spider:3)
  A tengu simulacrum (Vaults:4)
  12 meliai
  13 hornets
  9 tyrant leeches
  44 tarantellas
  21 blink frogs
  46 saltlings (Desolation)
  12 dream sheep (Lair:5)
  22 slime creatures
  27 jumping spiders
  A deep troll skeleton (Vaults:2)
  A tarantella (shapeshifter) (D:14)
  22 culicivoras
  4 water elementals
  15 spriggans
  3 shadows
  A wyvern (Lair:1)
  3 air elementals (Elf:1)
  37 yaks
  A yak (shapeshifter) (D:14)
  6 wraiths
  6 basilisks
  6 fire elementals
  4 ynoxinuls (Lair:5)
  9 small abominations (Lair:5)
  3 hogs (D:12)
  3 steam dragons
  7 humans (D:13)
  A chaos spawn (Lair:5)
  6 minotaur simulacra (IceCv)
  3 swamp worm simulacra (Swamp:4)
  86 redbacks
  Menkaure (D:6)
  2 neqoxecs
  13 vampire mosquitoes
  3 harpy simulacra (IceCv)
  4 wargs
  4 acid dragons
  13 swamp worms
  17 water moccasins
  A glowing shapeshifter skeleton (Vaults:2)
  16 hydra simulacra
  3 human skeletons (Vaults:2)
  A floating eye (shapeshifter) (D:11)
  53 orc warriors
  2 alligator simulacra (IceCv)
  9 ogres
  A black bear (D:10)
  12 boggarts
  A phantom (D:5)
  21 centaurs
  A kobold brigand (D:7)
  15 bullfrogs
  4 necrophages
  3 gnoll sergeants
  A human simulacrum (Vaults:4)
  3 scorpions
  7 wights
  6 deep troll simulacra (IceCv)
  21 killer bees
  3 electric eels
  7 howler monkeys
  2 quasits
  5 hounds
  3 jellies
  22 orc priests
  A gnoll bouda (Orc:2)
  A hell rat (Lair:4)
  4 iguanas
  21 orc wizards
  24 gnolls
  11 adders
  7 river rats (Lair:4)
  5 shadow imps
  7 white imps
  5 swamp drake simulacra (Swamp:4)
  2 ufetubi
  2 worms (D:3)
  A worm (shapeshifter) (Vaults:3)
  3 dart slugs (D:1)
  88 orcs
  9 bats
  12 endoplasms
  6 giant cockroaches
  15 goblins
  13 hobgoblins
  5 jackals
  3 quokkas
  6 ball pythons
  2 frilled lizards
  15 kobolds
  5 rats
  5 briar patches (Swamp:4)
1796 creatures vanquished.

Vanquished Creatures (collateral kills)
  A lich (Vaults:2)
1 creature vanquished.

Vanquished Creatures (others)
  A fire giant (Depths:1)
  A peacekeeper (Desolation)
  An orb spider (Spider:2)
  A wizard (Vaults:1)
  2 deep elf pyromancers (Elf:2)
  A wolf spider (Spider:1)
  A bloated husk (Swamp:1)
  A spriggan (Swamp:1)
  A golden eye (shapeshifter) (Elf:2)
  A human (D:13)
  A swamp worm (Swamp:1)
  3 boggarts
  2 orcs
  A briar patch (Swamp:4)
  3 demonic plants (D:10)
  86 fungi
  72 plants
179 creatures vanquished.

Grand Total: 1976 creatures vanquished

Notes
Turn   | Place    | Note
-------+----------+-------------------------------------------
     0 | D:1      | KittyFluff the Minotaur Berserker began the quest for the
                  | Orb.
     0 | D:1      | Reached XP level 1. HP: 19/19 MP: 0/0
    62 | D:1      | Reached XP level 2. HP: 20/27 MP: 1/1
   427 | D:1      | Reached ** piety under Trog
   632 | D:1      | Reached XP level 3. HP: 31/33 MP: 2/2
  1327 | D:2      | Reached XP level 4. HP: 38/41 MP: 3/3
  1723 | D:3      | Reached skill level 1 in Stealth
  2273 | D:3      | Reached skill level 5 in Maces & Flails
  2363 | D:3      | Reached XP level 5. HP: 47/47 MP: 4/4
  2505 | D:3      | Reached skill level 5 in Fighting
  3212 | D:4      | Reached XP level 6. HP: 55/56 MP: 5/5
  3300 | D:4      | Reached *** piety under Trog
  3835 | D:4      | Reached skill level 1 in Shields
  4627 | D:5      | Entered Level 5 of the Dungeon
  4637 | D:5      | Reached XP level 7. HP: 47/61 MP: 6/6
  4958 | D:5      | Reached **** piety under Trog
  5569 | D:5      | Reached skill level 5 in Dodging
  5824 | D:5      | Reached XP level 8. HP: 60/70 MP: 7/7
  5880 | D:6      | Found Bitynk's Elemental Accessories.
  6449 | D:6      | Reached skill level 2 in Shields
  6540 | D:6      | Found the ring of the Octopus King
  6542 | D:6      | Noticed Menkaure
  6549 | D:6      | Killed Menkaure
  6784 | D:6      | Identified a ring of the Octopus King {rC+ HP+2 AC+2 EV+2
                  | SH+2}
  7020 | D:6      | Found Peimnit's Weapon Shop.
  7777 | D:7      | Reached XP level 9. HP: 77/79 MP: 8/8
  7783 | D:7      | Reached skill level 3 in Shields
  8157 | D:7      | Found a staircase to the Ecumenical Temple.
  8213 | D:7      | Reached ***** piety under Trog
  8383 | D:8      | Reached skill level 10 in Maces & Flails
  8508 | D:8      | Found an ancient bone altar of Kikubaaqudgha.
  8747 | D:8      | Found a shimmering altar of Xom.
  8747 | D:8      | Found a radiant altar of Vehumet.
  8747 | D:8      | Found a broken altar of Ashenzari.
  9141 | D:9      | Noticed a two-headed ogre
  9205 | D:9      | Noticed Maurice
  9212 | D:9      | Reached skill level 4 in Shields
  9264 | D:9      | Killed Maurice
  9265 | D:9      | Reached skill level 5 in Shields
  9397 | D:9      | Found Hefuxkun's Book Boutique.
  9426 | D:9      | Reached skill level 1 in Throwing
  9432 | D:9      | Received a gift from Trog
  9433 | D:9      | Reached XP level 10. HP: 86/88 MP: 9/9
  9465 | D:9      | Killed a two-headed ogre
  9570 | D:9      | Found Jesut's Book Emporium.
  9869 | D:9      | Reached skill level 6 in Shields
  9878 | D:9      | Found a staircase to the Orcish Mines.
 10044 | D:10     | Entered Level 10 of the Dungeon
 10510 | D:10     | Found a staircase to the Lair.
 10514 | D:10     | Noticed an orange demon
 10519 | D:10     | Gained mutation: You are clumsy. (Dex -2) [a neqoxec]
 10526 | D:10     | Killed an orange demon
 10527 | D:10     | Reached skill level 7 in Shields
 10578 | D:10     | Noticed a soul eater
 10598 | D:10     | Killed a soul eater
 10787 | D:10     | Noticed a two-headed ogre
 10796 | D:10     | Killed a two-headed ogre
 10797 | D:10     | Reached skill level 8 in Shields
 10797 | D:10     | Reached XP level 11. HP: 95/95 MP: 10/10
 10955 | Lair:1   | Entered Level 1 of the Lair of Beasts
 11094 | Lair:1   | Found a runed translucent door.
 11095 | Lair:1   | Found a shimmering altar of Xom.
 11095 | Lair:1   | Noticed a +1 flail of chaos
 11095 | Lair:1   | Noticed Joey1's ghost (novice MiFi)
 11595 | Lair:1   | Noticed an eight-headed hydra
 11606 | Lair:1   | Killed an eight-headed hydra
 11775 | Lair:2   | Reached skill level 9 in Shields
 12136 | Lair:1   | Killed a +1 flail of chaos
 12146 | Lair:1   | Killed Joey1's ghost
 12147 | Lair:1   | Reached skill level 10 in Shields
 12318 | Lair:2   | Found a staircase to the Swamp.
 12716 | Lair:2   | Reached skill level 10 in Fighting
 12729 | Lair:2   | Reached XP level 12. HP: 77/106 MP: 11/11
 12745 | Lair:1   | Reached skill level 5 in Stealth
 13411 | Lair:2   | Reached skill level 11 in Shields
 13424 | Lair:3   | Noticed Snorg
 13442 | Lair:3   | Killed Snorg
 13693 | Lair:3   | Noticed an eight-headed hydra
 13705 | Lair:3   | Killed an eight-headed hydra
 13880 | Lair:3   | Noticed Gastronok
 13939 | Lair:3   | Killed Gastronok
 13940 | Lair:3   | Reached skill level 5 in Armour
 13940 | Lair:3   | Reached skill level 10 in Dodging
 14223 | Lair:3   | Found a hole to the Spider Nest.
 14426 | Lair:4   | Noticed Josephine
 14498 | Lair:4   | Noticed a boulder beetle
 14534 | Lair:4   | Killed a boulder beetle
 14684 | Lair:4   | Reached skill level 12 in Shields
 14770 | Lair:4   | Killed Josephine
 14915 | Lair:4   | Received a gift from Trog
 14944 | Lair:4   | Reached skill level 15 in Maces & Flails
 14951 | Lair:4   | Reached XP level 13. HP: 116/116 MP: 12/12
 14978 | Lair:4   | Found a runed translucent door.
 14979 | Lair:4   | Noticed Cheops's ghost (journeyman MiFi)
 15002 | Lair:4   | Killed Cheops's ghost
 15168 | Lair:4   | Reached skill level 13 in Shields
 15265 | Lair:5   | Entered Level 5 of the Lair of Beasts
 15771 | Lair:5   | Found a staircase to the Slime Pits.
 15772 | Lair:5   | Found a viscous altar of Jiyva.
 16578 | Lair:5   | Reached skill level 14 in Shields
 17118 | Lair:5   | HP: 2/118 [shock serpent (shapeshifter)/electric aura (11)]
 17251 | Lair:5   | Received a gift from Trog
 17391 | Lair:5   | Found a corrupted altar of Lugonu.
 17391 | Lair:5   | Found a one-way gate to the infinite horrors of the Abyss.
 17723 | D:10     | Reached XP level 14. HP: 110/126 MP: 13/13
 18160 | D:11     | Reached skill level 15 in Shields
 18247 | D:11     | Paralysed by a floating eye for 3 turns
 18257 | D:11     | Paralysed by a floating eye for 2 turns
 18796 | D:12     | Noticed Rupert
 18826 | D:12     | Killed Rupert
 19029 | D:12     | Noticed Kirke
 19058 | D:12     | Received a gift from Trog
 19263 | D:12     | Killed Kirke
 19750 | D:13     | You fall into a shaft and drop 2 floors!
 19750 | D:15     | Entered Level 15 of the Dungeon
 19880 | D:15     | Reached skill level 16 in Shields
 20115 | D:14     | Found an opulent altar of Gozag.
 20880 | D:13     | Reached XP level 15. HP: 96/137 MP: 14/14
 21305 | D:13     | Identified the +4 great sword "Kietwi" {flame, rC+ Str+4
                  | Dex+3}
 21308 | D:13     | Found a gate to the Vaults.
 21601 | D:14     | Reached skill level 5 in Throwing
 22135 | D:15     | Reached ****** piety under Trog
 22219 | D:15     | Received a gift from Trog
 22227 | D:15     | Reached skill level 17 in Shields
 22752 | D:15     | Found a staircase to the Depths.
 22953 | D:9      | Bought a manual of Throwing for 880 gold pieces
 23026 | Orc:1    | Entered Level 1 of the Orcish Mines
 23034 | Orc:1    | Noticed Harold
 23045 | Orc:1    | Killed Harold
 23100 | Orc:2    | Entered Level 2 of the Orcish Mines
 23202 | Orc:2    | Found a gate leading to a gauntlet.
 23231 | Gauntlet | Entered a Gauntlet
 23231 | Gauntlet | Found a transporter.
 23237 | Gauntlet | Found a transporter.
 23241 | Gauntlet | Found a transporter.
 23247 | Gauntlet | Found a transporter.
 23256 | Gauntlet | Found a transporter.
 23257 | Gauntlet | Found a transporter.
 23265 | Gauntlet | Found a transporter.
 23269 | Gauntlet | Found a transporter.
 23275 | Gauntlet | Found a transporter.
 23281 | Gauntlet | Found a transporter.
 23285 | Gauntlet | Found a transporter.
 23293 | Gauntlet | Found a transporter.
 23316 | Gauntlet | Found a transporter.
 23342 | Gauntlet | Found a transporter.
 23436 | Gauntlet | Found the -2 hat of the Alchemist {rElec rPois rF+ rC+ rN+
                  | Will+ rMut rCorr}
 23493 | Gauntlet | Identified the amulet of Yfiobb {rC+ rN+ Will+ Regen+
                  | Int-3}
 23635 | Orc:2    | Identified 2 scrolls of acquirement
 23635 | Orc:2    | Acquired 828 gold pieces
 23636 | Orc:2    | Acquired the +0 tower shield of Perpetual Drought {Rampage
                  | Will- Str+3 Slay+2}
 24199 | Orc:1    | Noticed an orc warlord
 24209 | Orc:2    | Killed an orc warlord
 24566 | Orc:2    | Found a staircase to the Elven Halls.
 24818 | Orc:2    | Received a gift from Trog
 24868 | Orc:2    | Found Dosser's General Store.
 24893 | Orc:2    | Found Keutigih's General Store.
 24923 | Orc:2    | Bought a potion of heal wounds for 80 gold pieces
 24923 | Orc:2    | Bought a scroll of enchant weapon for 120 gold pieces
 25382 | Orc:2    | Found Zumyugiq's Book Shop.
 25382 | Orc:2    | Found a one-way gate leading to the halls of Pandemonium.
 25382 | Orc:2    | Found Uthrea's Antique Armour Boutique.
 25386 | Orc:2    | Bought a runed scarf for 264 gold pieces
 25386 | Orc:2    | Bought a heavily runed leather armour for 231 gold pieces
 25386 | Orc:2    | Identified the +1 leather armour of Failure {rN++ Will+
                  | Regen+ Str-5} (You bought it in a shop on level 2 of the
                  | Orcish Mines)
 25841 | Swamp:1  | Entered Level 1 of the Swamp
 25920 | Swamp:1  | Reached XP level 16. HP: 146/147 MP: 15/15
 26211 | Swamp:1  | Received a gift from Trog
 26454 | Swamp:1  | Identified the +2 leather armour "Bonillir" {-Tele Dex+7}
 26762 | Swamp:2  | Noticed a thorn hunter
 26810 | Swamp:2  | Reached skill level 10 in Throwing
 26867 | Swamp:2  | Killed a thorn hunter
 27159 | Swamp:3  | Reached skill level 15 in Fighting
 27159 | Swamp:3  | Reached skill level 10 in Armour
 27671 | Swamp:4  | Entered Level 4 of the Swamp
 27726 | Swamp:4  | Received a gift from Trog
 27848 | Swamp:4  | Identified the +2 helmet of the Big Bang {Harm MP+9 Str+3}
 27909 | Swamp:4  | Reached skill level 18 in Shields
 27977 | Swamp:4  | Noticed a thorn hunter
 27994 | Swamp:4  | Killed a thorn hunter
 28529 | Swamp:4  | Got a decaying rune of Zot
 28809 | Spider:1 | Entered Level 1 of the Spider Nest
 29654 | Spider:1 | Received a gift from Trog
 30353 | Spider:1 | Reached XP level 17. HP: 156/156 MP: 16/16
 30745 | Spider:2 | Received a gift from Trog
 30752 | Spider:2 | Found a frozen archway.
 30774 | IceCv    | Entered an ice cave
 31626 | IceCv    | Noticed an Ice Fiend
 31641 | IceCv    | Reached skill level 19 in Shields
 31658 | IceCv    | Killed an Ice Fiend
 32044 | IceCv    | Identified the +0 bardiche of Odiureo {freeze, Fragile
                  | rPois Stlth+}
 32075 | Spider:2 | Acquired the ring of Qazlal's Wrath {+Blink Fly rF- rN+
                  | SInv}
 32356 | Spider:2 | Reached skill level 1 in Ranged Weapons
 32730 | Spider:2 | Identified Roxanne's Handbook of Shaping
 32730 | Spider:2 | Noticed Roxanne
 32769 | Spider:2 | Killed Roxanne
 32769 | Spider:2 | Identified the +9 flail "Ypuf" {flame, rF- rC++ Will+}
                  | (Trog gifted it to you on level 2 of the Spider Nest)
 32769 | Spider:2 | Received a gift from Trog
 33656 | Spider:3 | Noticed Arachne
 33696 | Spider:3 | Killed Arachne
 34006 | Spider:3 | Noticed Donald
 34032 | Spider:3 | Killed Donald
 34715 | Spider:3 | Received a gift from Trog
 34774 | Spider:4 | Entered Level 4 of the Spider Nest
 36345 | Spider:3 | Reached XP level 18. HP: 157/166 MP: 17/17
 37134 | Spider:3 | Reached skill level 1 in Evocations
 37253 | Spider:4 | Received a gift from Trog
 38061 | Spider:4 | Got a gossamer rune of Zot
 38530 | Spider:4 | Reached skill level 5 in Ranged Weapons
 38532 | Spider:4 | Reached skill level 20 in Shields
 39016 | Vaults:1 | Entered Level 1 of the Vaults
 39495 | Vaults:1 | Received a gift from Trog
 40598 | Vaults:1 | Reached skill level 15 in Throwing
 40852 | Vaults:1 | Reached XP level 19. HP: 174/174 MP: 18/18
 40879 | Vaults:1 | Received a gift from Trog
 41070 | Vaults:1 | Noticed Nikola
 41092 | Vaults:1 | Killed Nikola
 41751 | Vaults:1 | Identified the +6 scale mail of Gallantry {Rampage Str+3}
 42447 | Vaults:2 | Received a gift from Trog
 42490 | Vaults:2 | Found a staircase to the Crypt.
 43051 | Vaults:1 | Reached skill level 5 in Evocations
 43752 | Vaults:2 | Found a runed translucent gate.
 43752 | Vaults:2 | Found a runed translucent gate.
 43754 | Vaults:2 | Found a runed translucent gate.
 43754 | Vaults:2 | Found an ancient bone altar of Kikubaaqudgha.
 43754 | Vaults:2 | Noticed a dread lich
 43754 | Vaults:2 | Noticed Yloucecuu's ghost (veteran SpEn)
 43754 | Vaults:2 | Noticed Kipt's ghost (adept SpFE)
 43755 | Vaults:2 | Noticed mantisjm's ghost (veteran HOFi)
 43777 | Vaults:2 | Killed a dread lich
 43777 | Vaults:2 | Received a gift from Trog
 43778 | Vaults:2 | Reached skill level 21 in Shields
 43808 | Vaults:2 | Killed mantisjm's ghost
 43811 | Vaults:2 | Killed Yloucecuu's ghost
 43825 | Vaults:2 | Killed Kipt's ghost
 44291 | Vaults:2 | Identified the +1 cloak of the Barber Surgeon {rC+ Dex-3
                  | Stlth+}
 44305 | Vaults:2 | Identified the ring of the Unstoppable Hells {rF+ rN+
                  | Will+}
 45102 | Vaults:2 | Reached XP level 20. HP: 141/187 MP: 19/19
 45102 | Vaults:2 | Reached skill level 15 in Armour
 45102 | Vaults:2 | Reached XP level 21. HP: 146/193 MP: 20/20
 45474 | Vaults:2 | You are sucked into a shaft and drop 1 floor!
 45487 | Vaults:3 | Received a gift from Trog
 45695 | Vaults:3 | Noticed Boris
 45713 | Vaults:3 | Killed Boris
 46177 | Vaults:3 | Noticed Frederick
 46301 | Vaults:2 | Killed Frederick
 46707 | Vaults:3 | Received a gift from Trog
 46714 | Vaults:3 | Reached skill level 10 in Ranged Weapons
 47297 | Vaults:3 | Noticed Kazon's ghost (veteran DsBe)
 47332 | Vaults:3 | Found a transporter.
 47334 | Vaults:3 | Found a transporter.
 47356 | Vaults:3 | Noticed jlumianski's ghost (veteran KoBe)
 47547 | Vaults:4 | Found a crumbling gateway.
 47554 | Vaults:4 | Noticed Xtahua
 47584 | Vaults:4 | Killed Xtahua
 47636 | Desolati | Entered the Desolation of Salt
 48191 | Desolati | Reached skill level 15 in Dodging
 48251 | Desolati | Identified the ring "Jule" {Contam Will+ MP+9 Int+7}
 48255 | Desolati | Identified the +3 leather armour of Plasticity {rElec}
 48371 | Desolati | Received a gift from Trog
 48535 | Desolati | Identified the +4 scimitar of Destiny {vorpal, rPois rC+
                  | rN+ Dex+3}
 49343 | Vaults:4 | Found Feal's Magic Scroll Shoppe.
 49353 | Vaults:4 | Bought a scroll of silence for 190 gold pieces
 49403 | Vaults:4 | Reached skill level 22 in Shields
 49412 | Vaults:4 | Received a gift from Trog
 50097 | Vaults:4 | Reached XP level 22. HP: 203/203 MP: 21/21
 50399 | Vaults:4 | Found a portal to a secret trove of treasure.
 51098 | Elf:1    | Entered Level 1 of the Elven Halls
 51578 | Elf:1    | Paralysed by an air elemental for 1 turns
 51593 | Elf:1    | Received a gift from Trog
 53133 | Elf:2    | Received a gift from Trog
 53358 | Elf:2    | Found a radiant altar of Vehumet.
 53454 | Elf:2    | Found a runed translucent gate.
 53454 | Elf:2    | Found a runed translucent gate.
 53455 | Elf:2    | Found a runed translucent gate.
 53651 | Elf:2    | Noticed Louise
 53683 | Elf:2    | Killed Louise
 54328 | Depths:1 | Entered Level 1 of the Depths
 54335 | Depths:1 | Found a bloodstained altar of Trog.
 54495 | Depths:1 | Found a runed translucent gate.
 54496 | Depths:1 | Found a runed translucent gate.
 54502 | Depths:1 | Found a runed translucent gate.
 54537 | Depths:1 | Acquired 1347 gold pieces
 55037 | Depths:1 | Received a gift from Trog
 55053 | Depths:1 | Found a gateway to Hell.
 55471 | Depths:1 | Found Juhewub's Weapon Emporium.
 55474 | Depths:1 | Found Febboar's Jewellery Shop.
 55474 | Depths:1 | Found Qaef Jeeb's Book Shoppe.
 55475 | Depths:1 | Found Ugude's Book Shoppe.
 55940 | Depths:1 | Bought the ring of the Komodo Dragon {AC+4 Str+6 Slay+3}
                  | for 954 gold pieces
 56559 | Depths:2 | Reached skill level 23 in Shields
 56784 | Depths:2 | Reached XP level 23. HP: 213/213 MP: 22/22
 56857 | Depths:2 | Identified the ring "Elaivin" {rF- rC+ rN+ Str+4 Int+5}
 56918 | Depths:2 | Identified the +5 flail "Dofaaj" {freeze, Int+2 Stlth+}
 56920 | Depths:2 | Noticed a juggernaut
 56945 | Depths:1 | Killed a juggernaut
 57408 | Depths:2 | HP: 5/209 [tengu reaver/bolt of acid (7)]
 57409 | Depths:2 | HP: 1/209 [tengu reaver/bolt of cold (4)]
 57410 | Depths:2 | Mangled by a tengu reaver

Illustrated notes

Levels and vault maps discovered:
D:1:      psy_arrival_radial01, layout_rooms
D:2:      layout_loops_corners, minmay_pentomino_t4
D:3:      layout_loops_corners, corner_web_ring, eino_curves_03
D:4:      corexii_shantytown, layout_basic
D:5:      layout_rooms, hangedman_abyss_or_decor_stagger, grunt_ministairs_6,
          palyth_stone_intersect
D:6:      layout_basic, serial_shops, shop, nicolae_elemental_shop,
          uniq_menkaure
D:7:      layout_basic, minmay_temple_entry_trees
D:8:      layout_loops_ring, gammafunk_temple_overflow_claw,
          nicolae_kikubaaqudgha_miasma_corner
D:9:      layout_loops_cross, orc_0_dummy, serial_shops,
          nicolae_shop_advertising_works [nicolae_subvault_shop_adworks],
          nicolae_take_the_stairs, uniq_maurice
D:10:     layout_cave_pools, due_lair_maze_entry_diamond, serial_demonic,
          serial_demonic_b, serial_demonic_a, serial_demonic_a, serial_demonic_g
D:11:     minmay_the_grid_plus_closed [minmay_the_grid_rooms,
          minmay_the_grid_small_cups, minmay_the_grid_x,
          minmay_the_grid_aliased_spiral, minmay_the_grid_prize_inner_circle],
          layout_cave_pools
D:12:     layout_cave_pools, uniq_rupert, uniq_kirke
D:13:     layout_cave_pools, ximxim_vaults_locker_room, minivault_15
D:14:     layout_cave_pools, grunt_gozag_statues, chequers_big_river
D:15:     hangedman_depths_entry_try_elsewhere_first, layout_basic,
          serial_bayou_ford_a
Lair:1:   layout_roguey, ebering_ghost_xom, grunt_megastairs_4
Lair:2:   layout_long_grid, minmay_swamp_entry_worms, serial_bayou_lagoon_b,
          grunt_megastairs_2
Lair:3:   layout_chaotic_city, spider_nest_entry_rubble,
          infiniplex_staircase_pool_2, uniq_gastronok, uniq_snorg
Lair:4:   layout_misc_corridors, ebering_ghost_reflecting_pool,
          kennysheep_rathole, uniq_josephine
Lair:5:   hellmonk_lair_end_abyssal_woods, layout_gridlike, slime_entry_1
Swamp:1:  layout_basic_swamp, evilmike_swamp_ruin_house_6, worms_lemuel
Swamp:2:  layout_falls_marsh, nicolae_swamp_bean_lake
Swamp:3:  layout_basic_swamp, evilmike_swamp_ruin_house_2,
          hangedman_swamp_blocks
Swamp:4:  swamp_icy, layout_basic_swamp
Spider:1: layout_cave_pods, guppyfry_hornet_nest
Spider:2: layout_spider_delve, portal_ice_cave_entry_ice_statue_one,
          nicolae_spider_nook, nicolae_spider_cling_halls, uniq_roxanne
Spider:3: layout_spider_delve, drop_trap, uniq_donald, uniq_arachne
Spider:4: grunt_spider_rune_circles, special_room [special_room_bee],
          nicolae_spider_not_touching_you
Orc:1:    layout_diamond_mine, uniq_harold
Orc:2:    pf_orc_diabolical, layout_diamond_mine, gauntlet_entry_generic,
          hellmonk_bongcloud_opening, library_closet
Elf:1:    elf_arrival_001, layout_onion_city, minivault_28
Elf:2:    elven_hall_of_blades_hangedman_original [nicolae_blade_lattice],
          layout_geoelf_grid, basic_altar, uniq_louise
Vaults:1: nicolae_vaults_network_star, vaults_room_pool,
          nicolae_vaults_branching_niches, ontoclasm_vaults_misaligned,
          v_misc_8, hangedman_vaults_slice,
          vaults_standard_mumra_enter_the_diamond,
          ontoclasm_vaults_decontamination, nicolae_vaults_rhombus_6, v_misc_27,
          vaults_dpeg_emergency_exit, grunt_vaults_hallway_short,
          ontoclasm_vaults_loading_screen, layout_vaults_omnigrid, uniq_nikola
Vaults:2: gammafunk_ghost_crypt, special_room_vaults [special_room_orc],
          v_pattern_4, v_misc_25, hangedman_vaults_maws,
          nicolae_vaults_angled_halls, vaults_mumra_chevron_long,
          grunt_vaults_funnel, hangedman_vaults_trim, ontoclasm_vaults_tryst,
          v_alt_pattern_1, nicolae_vaults_hallways_thing, serial_ice_b,
          nicolae_vaults_three_branches, ontoclasm_vaults_chip,
          minmay_crypt_entry_skeletal_spiral, layout_vaults_omnibox
Vaults:3: nzn_ghost_randoct, vaults_dpeg_encased_lava, st_cross,
          nicolae_vaults_little_squares_1, nicolae_vaults_gold_heap,
          ontoclasm_vaults_shuriken, v_misc_19, layout_vaults_big_room,
          uniq_boris, uniq_frederick
Vaults:4: portal_desolation_entry_nicolae_slug, ontoclasm_vaults_idyll,
          v_misc_32, v_misc_24, ontoclasm_vaults_loading_screen,
          nicolae_vaults_triangles, hangedman_vaults_nails,
          ontoclasm_vaults_twist, grunt_vaults_swirl,
          nicolae_vaults_network_barrier, vaults_room_fours,
          ontoclasm_vaults_ring_square, nicolae_vaults_little_squares_2,
          layout_vaults_maze_bifur, serial_shops, nicolae_shop_hallway_plus,
          enter_trove_0, uniq_xtahua
Depths:1: layout_basic, trog_three_pillars_becter, grunt_mini_vestibule,
          serial_shops, nicolae_shop_crystal, minivault_11, grunt_ministairs_15,
          pandoras_box_mu, hangedman_decor_cross_pass, minmay_shop_grove
Depths:2: grunt_runaround [grunt_runaround_doors_1, grunt_runaround_doors_2,
          grunt_runaround_doors_3, grunt_runaround_doors_4,
          grunt_runaround_loot], hell_entry, pan_entry

Skill      XL: |  1  2  3  4  5  6  7  8  9 10 11 12 13 14 15 16 17 18 19 20 21 22 23 |
---------------+----------------------------------------------------------------------+-----
Fighting       | 4 5 6 7 8 10 11 12 13 14 15 16 17 18 19 | 19.5
Maces & Flails | 4 5 6 7 9 11 12 14 15 16 17 18 19 20 | 20.9
Stealth        | 1 2 3 4 5 6 |  6.2
Dodging        | 3 4 5 6 8 9 10 11 12 13 14 15 | 15.3
Shields        | 1 2 5 8 10 12 14 16 17 18 19 20 21 22 23 | 23.2
Armour         | 3 4 5 7 9 11 12 13 14 15 16 17 | 17.3
Throwing       | 1 2 3 4 8 12 14 15 16 | 16.3
Ranged Weapons | 3 6 8 9 11 12 13 | 13.1
Evocations     | 3 5 7 9 |  9.3

Action                   |  1- 3 |  4- 6 |  7- 9 | 10-12 | 13-15 | 16-18 | 19-21 | 22-24 || total
-------------------------+-------+-------+-------+-------+-------+-------+-------+-------++-------
Melee: Mace              |    76 |   125 |       |       |       |       |       |       ||   201
       Headbutt          |     9 |    23 |    52 |   150 |   350 |   455 |   377 |   205 ||  1621
       Flail             |       |    43 |   266 |   604 |   413 |       |       |       ||  1326
       Punch             |       |       |     3 |       |       |       |       |       ||     3
       Eveningstar       |       |       |       |       |   793 |  1595 |  1143 |   659 ||  4190
       Morningstar       |       |       |       |       |   180 |       |       |       ||   180
       Demon whip        |       |       |       |       |       |    43 |    67 |    32 ||   142
 Fire: Hand crossbow     |       |       |       |       |       |   111 |   188 |   124 ||   423
Throw: Stone             |     3 |       |     8 |       |       |       |       |       ||    11
       Boomerang         |       |       |     1 |    27 |    87 |   142 |     4 |    14 ||   275
Invok: Berserk           |       |       |     2 |     9 |     9 |    10 |     3 |     1 ||    34
       Brothers in Arms  |       |       |       |       |       |     1 |     1 |       ||     2
       Trog's Hand       |       |       |       |       |       |       |     1 |       ||     1
Evoke: Wand              |       |       |     1 |       |     1 |     2 |       |       ||     4
  Use: Scroll            |       |     1 |     4 |     8 |    24 |    11 |     2 |     2 ||    52
       Potion            |       |       |       |       |     5 |     4 |     5 |       ||    14
 Stab: Sleeping          |       |     7 |     1 |     8 |     1 |     1 |     1 |     1 ||    20
       Distracted        |       |       |       |     1 |     1 |     1 |     3 |       ||     6
       Held in net/web   |       |       |       |       |     2 |       |       |       ||     2
Armor: Animal skin       |    15 |     2 |       |       |       |       |       |       ||    17
       Leather armour    |       |    13 |    53 |       |       |       |       |       ||    66
       Steam dragon scal |       |       |    13 |    96 |       |       |       |       ||   109
       Troll leather arm |       |       |       |    32 |   190 |    59 |       |       ||   281
       Acid dragon scale |       |       |       |       |    47 |       |       |       ||    47
       Scale mail        |       |       |       |       |       |   432 |   220 |   107 ||   759
Dodge: Dodged            |    51 |    86 |   149 |   198 |   507 |   798 |   436 |   162 ||  2387
Block: Other             |       |    40 |    50 |       |       |       |       |       ||    90
       Kite shield       |       |       |    12 |   372 |  1104 |   555 |   787 |       ||  2830
       Reflection        |       |       |     2 |     1 |    80 |    40 |    86 |    69 ||   278
       Tower shield      |       |       |       |       |       |  1402 |   336 |   666 ||  2404
